 Dungeon Crawl Stone Soup version 0.23-a0-470-g6f7cfd9739 (webtiles) character file.

37409 LostNumber the Thaumaturge (level 13, -3/103 HPs)
             Began as a Mummy Summoner on Nov 25, 2018.
             Was an Initiate of Gozag.
             Slain by a spatial maelstrom (11 damage)
             ... on level 2 of the Abyss on Nov 27, 2018.
             The game lasted 01:29:05 (31859 turns).

LostNumber the Thaumaturge (Mummy Summoner)        Turns: 31859, Time: 01:29:06

Health: -3/103     AC: 16    Str: 11    XL:     13   Next: 58%
Magic:  20/27      EV: 14    Int: 19    God:    Gozag
Gold:   4081       SH:  0    Dex: 17    Spells: 13/32 levels left

rFire    . . .     SeeInvis .   A - +4 trident (flame)
rCold    + + .     Gourm    .   (no shield)
rNeg     + + +     Faith    .   L - +0 troll leather armour
rPois    ∞         Spirit   .   B - +0 helmet
rElec    +         Reflect  .   P - +2 cloak
rCorr    .         Harm     .   (no gloves)
MR       +....                  (no boots)
Stlth    ++........             I - amulet of the Dolphin {RegenMP rElec rC+ Dex+4}
HPRegen  0.67/turn              F - ring of protection from fire
MPRegen  0.45/turn              G - ring of Robustness {AC+8}

@: gold aura, studying Ice Magic
A: no food or potions, fire vulnerability, cold resistance 1, negative energy
resistance 3, torment resistance, unbreathing, in touch with death 1
a: Potion Petition, Call Merchant, Bribe Branch, Renounce Religion


You were on level 2 of the Abyss.
You worshipped Gozag.
Gozag was most pleased with you.
You were not hungry.

You visited 2 branches of the dungeon, and saw 19 of its levels.
You visited the Abyss 1 time.
You also visited: Sewer and Ice Cave.

You collected 6649 gold pieces.
You spent 2514 gold pieces at shops.
You paid 54 gold pieces to Gozag.

Inventory:

Hand Weapons
 c - a +0 short sword
 j - a +1 dagger of venom
 v - a +0 trident
 x - a +1 spear of venom
 y - the +8 hunting sling of Gallantry {freeze, +Inv rN+++ Str-5 Dex-2}
   (You acquired it on level 3 of the Lair of Beasts)

   It causes projectiles fired from it to freeze those they strike, causing
   extra injury to most foes and up to half again as much damage against
   particularly susceptible opponents.
   They can also slow down cold-blooded creatures.
   It affects your strength (-5).
   It affects your dexterity (-2).
   It renders you almost immune to negative energy.
   It lets you turn invisible.
 A - a +4 trident of flaming (weapon)
Armour
 a - a +0 robe
 p - a +0 leather armour
 q - a +1 scale mail of magic resistance
 r - a +0 cloak
 s - a +0 ring mail
 u - a +1 robe of magic resistance
 z - a +2 ring mail of positive energy
 B - a +0 helmet (worn)
 H - a +0 robe of cold resistance
 L - a +0 troll leather armour (worn)
 P - a +2 cloak (worn)
Jewellery
 f - an uncursed ring of fire
 w - an uncursed ring of protection from magic
 D - a +3 ring of evasion
 F - a ring of protection from fire (left hand)
 G - the ring of Robustness (right hand) {AC+8}
   (You bought it in a shop on level 10 of the Dungeon)

   [ring of protection]

   It affects your AC (+8).
 I - the amulet of the Dolphin (around neck) {RegenMP rElec rC+ Dex+4}
   (You bought it in a shop on level 10 of the Dungeon)

   [amulet of magic regeneration]

   It increases your magic regeneration.
   It affects your dexterity (+4).
   It protects you from cold.
   It insulates you from electricity.
 K - an uncursed ring of positive energy {unknown}
 Q - an uncursed ring of magical power {unknown}
Wands
 l - a wand of random effects (29)
 o - a wand of enslavement (3)
 t - a wand of iceblast (24)
 E - a wand of acid (13)
 M - a wand of flame (18)
 N - a wand of polymorph (19)
Scrolls
 b - 5 scrolls of fog
 d - 7 scrolls of enchant weapon
 e - 5 scrolls of amnesia
 g - 5 scrolls of enchant armour
 h - 17 scrolls of teleportation
 i - 6 scrolls of remove curse
 k - 3 scrolls of magic mapping
 n - 6 scrolls of blinking
 C - a scroll of vulnerability
 J - 3 scrolls of fear
 O - a scroll of immolation {unknown}
Books
 m - a manual of Ice Magic


   Skills:
 + Level 10.1 Fighting
 + Level 7.2 Polearms
 + Level 3.5 Armour
 + Level 4.0 Dodging
 - Level 1.5 Stealth
 - Level 10.1 Spellcasting
 - Level 8.0 Hexes
 - Level 10.0 Summonings
 - Level 5.0 Ice Magic
 - Level 5.0 Air Magic
 * Level 2.7 Evocations


You had 13 spell levels left.
You knew the following spells:

 Your Spells              Type           Power        Failure   Level  Hunger
a - Summon Small Mammal   Summ           ####         1%          1    N/A
b - Call Imp              Summ           #####...     1%          2    N/A
c - Call Canine Familiar  Summ           #####...     1%          3    N/A
d - Summon Ice Beast      Ice/Summ       #####...     4%          4    N/A
e - Summon Lightning Spi  Summ/Air       #####...     4%          4    N/A
f - Summon Mana Viper     Hex/Summ       #####...     6%          5    N/A

Your spell library contained the following spells:

 Spells                   Type           Power        Failure   Level  Hunger
 Confusing Touch          Hex            #####.       1%          1    N/A
 Summon Butterflies       Summ           #####...     1%          1    N/A
 Confuse                  Hex            #####...     1%          3    N/A
 Summon Guardian Golem    Hex/Summ       #####...     1%          3    N/A
 Animate Skeleton         Necr           N/A          10%         1    N/A
 Apportation              Tloc           #.....       10%         1    N/A
 Metabolic Englaciation   Hex/Ice        ####......   19%         5    N/A
 Gell's Gravitas          Tloc           #.........   28%         3    N/A
 Yara's Violent Unravell  Hex/Tmut       ###.......   45%         5    N/A
 Petrify                  Tmut/Erth      #.......     67%         4    N/A
 Summon Hydra             Summ           #####.....   78%         7    N/A
 Bolt of Magma            Conj/Fire/Erth #.........   95%         5    N/A
 Iskenderun's Battlesphe  Conj/Chrm      #.......     95%         5    N/A
 Venom Bolt               Conj/Pois      #.........   95%         5    N/A
 Iron Shot                Conj/Erth      #.........   100%        6    N/A
 Orb of Destruction       Conj           #.........   100%        7    N/A
 Spellforged Servitor     Conj/Summ      ####......   100%        7    N/A

Dungeon Overview and Level Annotations

Branches:
Dungeon (13/15)            Temple (0/1) D:6            Lair (6/6) D:11
 Shoals (0/4) Lair:4        Snake (0/4) Lair:4        Slime (0/5) Lair:6
    Orc (0/2) D:9
 Vaults: D:13-14

Altars:
Dithmenos
Elyvilon
Fedhas
Gozag
Hepliaklqana
Kikubaaqudgha
Makhleb
Nemelex Xobeh
Okawaru
Trog
Uskayaw
Xom
Yredelemnul
Zin
The Shining One
Beogh

Shops:
D:5 *   D:6 ?   D:10 =   D:11 (

Annotations:
D:4 3 runed doors, blobbo's ghost, novice DDFi
D:7 3 runed doors, neozumm's ghost, novice GrFi
D:8 1 runed door
Lair:2 exclusion: oklob plant
Lair:5 3 runed doors, Houdghis's ghost, journeyman OpNe
Lair:6 2 transporters, Esekla's ghost, journeyman GnWn


Innate Abilities, Weirdness & Mutations

You do not eat or drink.
Your flesh is vulnerable to fire.
You are immune to poison.
Your flesh is cold resistant. (rC+)
You are immune to negative energy. (rN+++)
You are immune to unholy pain and torment.
You can survive without breathing.
You are in touch with the powers of death.


Message History

The spatial maelstrom hits you but does no damage.
You hit the spatial maelstrom.
The spatial maelstrom is moderately damaged.
The spatial maelstrom hits you! Space bends around you.
The spatial maelstrom hits you. Space warps horribly around you!
Your mana viper bites the spatial maelstrom.
Unknown command.
You are too injured to fight recklessly!
Unknown command.
Unknown command.
You swap places.
The spatial maelstrom hits you but does no damage.
The spatial maelstrom closely misses you.
Your mana viper bites the spatial maelstrom.
Your mana viper bites the spatial maelstrom!!
The spatial maelstrom hits you. Space warps horribly around you!
* * * LOW HITPOINT WARNING * * *
The spatial maelstrom hits you!
You die...
Your body crumbles into a pile of gold.

... .. ## # #.. .#
$ ...##.#.###.# #
##.#..#....# ##..
.# #........# ....
...##.##..#.##..#
................##.
.. #.....#..$.....#
... ......#@#.###.
...#.....SvS#
#....vv...### ..
#.##'..#
##.........#
..........##.####
............. ..
#.#......#### #.#.
.......vv


You could see a spatial maelstrom, 2 spatial vortices and 2 friendly mana
vipers.

Vanquished Creatures
  3 two-headed ogres
  2 death yaks (Lair:3)
  A lindwurm (Lair:4)
  An orb spider (D:13)
  A cyclops (D:10)
  2 elephants (Lair:6)
  An ice statue (IceCv)
  2 spiny frogs
  A rime drake (Lair:6)
  A komodo dragon (Lair:1)
  An ice devil (Lair:1)
  4 trolls
  11 blink frogs
  2 hippogriffs
  Prince Ribbit (D:7)
  4 dream sheep (Lair:4)
  A wraith (D:10)
  A hungry ghost (D:12)
  19 yaks
  11 water moccasins
  4 porcupines
  A black bear (D:12)
  5 ice beasts
  5 orc warriors
  A sky beast (D:8)
  8 ogres
  6 wolves
  2 phantoms
  5 centaurs
  3 crocodiles
  3 big kobolds
  Blork the orc (D:5)
  A gnoll sergeant (D:9)
  15 bullfrogs
  6 scorpions
  3 killer bees
  2 howler monkeys
  6 electric eels
  5 crimson imps
  A centaur zombie (D:12)
  3 orc priests
  A jelly (D:11)
  A quasit (D:11)
  2 centaur skeletons (D:9)
  4 bullfrog skeletons
  5 orc wizards
  4 iguanas
  Ijyb (D:4)
  Natasha (D:2)
  A merfolk avatar (Sewer)
  14 worker ants
  A merfolk siren (Sewer)
  5 hound skeletons
  2 howler monkey zombies
  3 gnolls
  12 adders
  An adder skeleton (D:5)
  2 worms
  13 leopard geckos
  26 orcs
  4 bats
  A bat zombie (D:3)
  14 giant cockroaches
  7 hobgoblins
  8 jackals
  12 kobolds
  3 quokkas
  11 ball pythons
  A ball python skeleton (D:5)
  6 frilled lizards
  4 goblins
  A quokka zombie (D:6)
  30 rats
  A rat zombie (D:3)
  A spectral orc (D:2)
359 creatures vanquished.

Vanquished Creatures (collateral kills)
  4 hydras
  A two-headed ogre (D:12)
  2 tengu warriors (D:13)
  3 death yaks (Lair:3)
  A swamp dragon (D:10)
  2 deep elf magi
  2 ugly things (IceCv)
  2 cyclopes
  7 elephants
  A black mamba (Lair:6)
  A gargoyle (D:12)
  2 ice statues (IceCv)
  8 spiny frogs
  A kobold demonologist (D:10)
  An ice devil (Lair:1)
  2 komodo dragons (Lair:1)
  A tengu conjurer (D:13)
  2 trolls
  A polar bear (Lair:3)
  A hornet (D:9)
  31 blink frogs
  2 dream sheep (Lair:4)
  6 hippogriffs
  A vampire (D:13)
  16 yaks
  A wyvern (Lair:1)
  3 fire bats (Lair:5)
  Eustachio (D:5)
  3 basilisks
  A fire elemental (Lair:5)
  A hungry ghost (D:12)
  4 porcupines
  3 water moccasins
  2 acid dragons (D:10)
  5 ice beasts
  6 orc warriors
  A sky beast (D:11)
  An eye of draining (D:10)
  3 phantoms
  2 ogres
  A necrophage (D:8)
  11 wolves
  2 centaurs
  4 crocodiles
  4 bullfrogs
  A gnoll sergeant (D:9)
  A small abomination (Abyss:2)
  A scorpion (D:12)
  8 killer bees
  2 howler monkeys (D:6)
  A crimson imp (D:7)
  2 hounds
  A bullfrog zombie (D:10)
  2 centaur skeletons
  3 jellies
  5 orc wizards
  A gnoll shaman (D:9)
  4 orc priests
  Crazy Yiuf (D:5)
  A killer bee zombie (D:10)
  A hound zombie (D:6)
  A hound skeleton (D:10)
  A howler monkey zombie (D:10)
  10 gnolls
  A howler monkey skeleton (D:4)
  A worker ant zombie (D:7)
  2 adders
  2 shadow imps
  An adder skeleton (D:8)
  A dart slug (D:4)
  24 orcs
  7 hobgoblins
  2 jackals
  7 kobolds
  A quokka (D:12)
  A rat (D:1)
  2 fungi
259 creatures vanquished.

Vanquished Creatures (others)
  A bullfrog (D:10)
  A bush (Lair:3)
  9 fungi
  3 plants
14 creatures vanquished.

Grand Total: 632 creatures vanquished

Notes
Turn   | Place    | Note
-------+----------+-------------------------------------------
     0 | D:1      | LostNumber the Mummy Summoner began the quest for the Orb.
     0 | D:1      | Reached XP level 1. HP: 13/13 MP: 4/4
   857 | D:1      | Reached XP level 2. HP: 20/20 MP: 5/5
   862 | D:1      | Learned a level 2 spell: Call Imp
   863 | D:1      | Found a burning altar of Makhleb.
  1222 | D:2      | Reached skill level 1 in Fighting
  1550 | D:1      | Reached XP level 3. HP: 24/26 MP: 7/7
  1852 | D:1      | Learned a level 3 spell: Call Canine Familiar
  1963 | D:2      | Found a sparkling altar of Nemelex Xobeh.
  1964 | D:2      | Found an opulent altar of Gozag.
  1969 | D:2      | Became a worshipper of Gozag Ym Sagoz the Greedy
  2731 | D:2      | Noticed Natasha
  2739 | D:2      | Killed Natasha
  2739 | D:2      | Reached XP level 4. HP: 17/33 MP: 5/9
  3047 | D:2      | Found a basalt altar of Yredelemnul.
  3125 | D:2      | Learned a level 4 spell: Summon Ice Beast
  3289 | D:3      | Found a faded altar of an unknown god.
  3469 | D:3      | Found a glowing golden altar of the Shining One.
  3544 | D:3      | Found an ancient bone altar of Kikubaaqudgha.
  3697 | D:3      | Found a shadowy altar of Dithmenos.
  3927 | D:4      | Noticed Ijyb
  3958 | D:3      | Reached XP level 5. HP: 32/38 MP: 7/10
  4048 | D:4      | Killed Ijyb
  4048 | D:4      | Reached skill level 1 in Ice Magic
  4269 | D:4      | Found a glowing drain.
  4294 | Sewer    | Entered a sewer
  4456 | Sewer    | Reached XP level 6. HP: 36/45 MP: 9/12
  5283 | D:4      | Found a runed gate.
  5286 | D:4      | Noticed blobbo's ghost (novice DDFi)
  5287 | D:4      | Found a runed gate.
  5287 | D:4      | Found a runed gate.
  5415 | D:4      | Reached skill level 5 in Summonings
  5663 | D:4      | Learned a level 4 spell: Summon Lightning Spire
  5664 | D:5      | Entered Level 5 of the Dungeon
  5762 | D:5      | Noticed Blork the orc
  5786 | D:5      | Reached XP level 7. HP: 46/51 MP: 10/14
  5861 | D:5      | Killed Blork the orc
  6136 | D:5      | Found a hazy altar of Hepliaklqana.
  6137 | D:5      | Found a shimmering altar of Xom.
  6138 | D:5      | Noticed a spectral ugly thing
  6155 | D:5      | Reached skill level 1 in Air Magic
  6247 | D:5      | Found a blossoming altar of Fedhas.
  6268 | D:5      | Found Zin's Purification Station.
  6271 | D:5      | Found a glowing silver altar of Zin.
  6552 | D:5      | Found a bloodstained altar of Trog.
  6813 | D:5      | Reached skill level 5 in Spellcasting
  7004 | D:5      | Noticed Eustachio
  7545 | D:6      | Found a staircase to the Ecumenical Temple.
  7576 | D:6      | Reached XP level 8. HP: 49/58 MP: 7/15
  7970 | D:5      | Killed Eustachio
  8098 | D:5      | Found a runed door.
  8460 | D:5      | Noticed Crazy Yiuf
  8464 | D:5      | Killed Crazy Yiuf
  9286 | D:6      | Found Coixeegred's Magic Scroll Shoppe.
  9292 | D:6      | Bought a scroll of teleportation for 36 gold pieces
  9292 | D:6      | Bought a scroll of fear for 42 gold pieces
 10049 | D:7      | Noticed Prince Ribbit
 11050 | D:7      | Killed Prince Ribbit
 11058 | D:7      | Reached XP level 9. HP: 25/65 MP: 6/18
 12104 | D:7      | Found a runed gate.
 12104 | D:7      | Found a runed gate.
 12104 | D:7      | Found a runed gate.
 12104 | D:7      | Noticed a yaktaur
 12110 | D:7      | Noticed neozumm's ghost (novice GrFi)
 12200 | D:7      | Found a hide-covered altar of Uskayaw.
 12399 | D:7      | Reached skill level 5 in Ice Magic
 12505 | D:8      | Noticed an angel
 12506 | D:8      | Found a white marble altar of Elyvilon.
 12508 | D:8      | Found a runed door.
 13523 | D:8      | Reached skill level 5 in Fighting
 13530 | D:8      | Learned a level 5 spell: Summon Mana Viper
 13548 | D:8      | Found an iron altar of Okawaru.
 13549 | D:8      | Found a bloodstained altar of Trog.
 14461 | D:8      | Reached skill level 5 in Air Magic
 15045 | D:9      | Noticed a troll
 15052 | D:9      | Killed a troll
 15052 | D:9      | Reached skill level 1 in Hexes
 15059 | D:9      | Reached skill level 1 in Polearms
 15117 | D:9      | Reached XP level 10. HP: 44/74 MP: 12/20
 15376 | D:9      | Found a roughly hewn altar of Beogh.
 15376 | D:9      | Found a staircase to the Orcish Mines.
 17222 | D:10     | Entered Level 10 of the Dungeon
 17223 | D:10     | Upgraded the game from 0.23-a0-456-gc514d67198 to
                  | 0.23-a0-461-gff60f6859b
 17321 | D:10     | Noticed a swamp dragon
 17341 | D:10     | Killed a swamp dragon
 17416 | D:10     | Noticed a deep elf mage
 17425 | D:10     | Killed a deep elf mage
 17533 | D:10     | Noticed a cyclops
 17577 | D:10     | Killed a cyclops
 17741 | D:10     | Noticed a cyclops
 17747 | D:10     | Killed a cyclops
 17785 | D:10     | Noticed a two-headed ogre
 17818 | D:10     | Killed a two-headed ogre
 18009 | D:10     | Got a translucent diamond amulet
 18029 | D:10     | Found Buovek's Jewellery Boutique.
 18044 | D:10     | Bought the ring of Robustness {AC+8} for 1664 gold pieces
 18044 | D:10     | Found the ring of Robustness {AC+8}
 18286 | D:10     | Identified the amulet "Poumuro" {Reflect *Drain rElec rPois
                  | SH+2} (You found it on level 10 of the Dungeon)
 18336 | D:10     | Bought the amulet of the Dolphin {RegenMP rElec rC+ Dex+4}
                  | for 772 gold pieces
 18648 | D:11     | Found Yjoodad's Weapon Boutique.
 18723 | D:11     | Noticed a cyclops
 18733 | D:11     | Killed a cyclops
 18733 | D:11     | Reached XP level 11. HP: 57/83 MP: 14/23
 19203 | D:11     | Found a staircase to the Lair.
 19764 | Lair:1   | Entered Level 1 of the Lair of Beasts
 19830 | Lair:1   | Found a frozen archway.
 19909 | IceCv    | Entered an ice cave
 20022 | IceCv    | Noticed a white ugly thing
 20038 | IceCv    | Killed a white ugly thing
 20541 | IceCv    | Noticed a white ugly thing
 21856 | IceCv    | Killed a white ugly thing
 21972 | Lair:1   | Reached skill level 5 in Hexes
 23647 | Lair:2   | Noticed a four-headed hydra
 23656 | Lair:2   | Killed a four-headed hydra
 24118 | Lair:2   | Reached XP level 12. HP: 62/91 MP: 23/25
 24938 | Lair:2   | Reached skill level 10 in Summonings
 25903 | Lair:3   | Noticed a death yak
 25904 | Lair:3   | Noticed a death yak
 25904 | Lair:3   | Noticed a death yak
 25904 | Lair:3   | Noticed a death yak
 25916 | Lair:3   | Killed a death yak
 25919 | Lair:3   | Noticed a death yak
 25931 | Lair:3   | Killed a death yak
 26263 | Lair:3   | Killed a death yak
 26263 | Lair:3   | Reached skill level 10 in Spellcasting
 26270 | Lair:3   | Killed a death yak
 26270 | Lair:3   | Reached skill level 5 in Polearms
 26287 | Lair:3   | Killed a death yak
 26569 | Lair:3   | Identified a scroll of acquirement
 26571 | Lair:3   | Got a faintly glowing hunting sling
 26572 | Lair:3   | Identified the +8 hunting sling of Gallantry {freeze, +Inv
                  | rN+++ Str-5 Dex-2} (You acquired it on level 3 of the Lair
                  | of Beasts)
 27184 | Lair:4   | Found an iron altar of Okawaru.
 27836 | Lair:4   | Found a staircase to the Snake Pit.
 28210 | Lair:4   | Found a staircase to the Shoals.
 28310 | Lair:4   | Upgraded the game from 0.23-a0-461-gff60f6859b to
                  | 0.23-a0-470-g6f7cfd9739
 28357 | Lair:5   | Found a runed gate.
 28357 | Lair:5   | Found a runed gate.
 28357 | Lair:5   | Found a runed gate.
 28435 | Lair:5   | Noticed Houdghis's ghost (journeyman OpNe)
 28551 | Lair:5   | Reached skill level 1 in Armour
 28747 | Lair:5   | Gained mutation: You are in touch with the powers of death.
                  | [Mummy growth]
 28747 | Lair:5   | Reached XP level 13. HP: 48/101 MP: 27/27
 29422 | Lair:6   | Entered Level 6 of the Lair of Beasts
 29422 | Lair:6   | Found a transporter.
 29422 | Lair:6   | Noticed a dire elephant
 29426 | Lair:6   | Noticed Esekla's ghost (journeyman GnWn)
 29458 | Lair:6   | Found a staircase to the Slime Pits.
 29947 | Lair:6   | Found a transporter.
 30725 | D:12     | Reached skill level 1 in Evocations
 30816 | D:12     | Reached skill level 10 in Fighting
 31132 | D:12     | Found a white marble altar of Elyvilon.
 31471 | D:13     | Noticed Sonja
 31473 | D:13     | Noticed Sonja
 31473 | D:13     | Sonja changed into Sonja the orb spider
 31481 | D:13     | Killed Sonja the orb spider
 31822 | D:13     | Cast into level 2 of the Abyss (a wizard)
 31859 | Abyss:2  | Slain by a spatial maelstrom

Vault maps used:
D:1:      lightli_iron_boxes, chequers_serial_rivers_micro_d, minmay_hexomino_r4
D:2:      grunt_temple_overflow_opulence, yredelemnul_forgotten_temple_becter,
          uniq_natasha
D:3:      tso_metal_star, lemuel_zombie_altar_kikubaaqudgha, marbit_many_paths,
          chequers_ecumenical_altar_island, grunt_decor_cap
D:4:      gup_sewer_entry_pipe, first_ration, gammafunk_ghost_nasty_kobolds,
          uniq_ijyb
D:5:      regret_index_temple_of_mockery, zin_purify, kennysheep_mini_moat,
          basic_altar, kennysheep_generic_room_2, uniq_blork_the_orc,
          uniq_crazy_yiuf_cottage, uniq_eustachio
D:6:      minmay_temple_entry_wispy, serial_shops, shop, feat_on_display
D:7:      old_standard_altar, gammafunk_ghost_split, grunt_ogre_cave,
          uniq_prince_ribbit1
D:8:      grunt_temple_overflow_bloody_war, lemuel_angel_altar
D:9:      kennysheep_housing_project, david_orc_5
D:10:     minmay_the_grid_3x2, serial_shops, nicolae_shop_crystal,
          kennysheep_generic_room_3
D:11:     david_lair_generic, serial_shops, shop
D:12:     basic_altar
D:13:     david_vaults_1, minmay_misc_feat_doors, uniq_sonja
Lair:1:   portal_ice_cave_demonic_guard, st_stairs_9,
          eino_small_chamber_without_monster
Lair:2:   beast_lair_carwin_10, grunt_megastairs_2, minmay_lair_oklob_chamber
Lair:3:   st_stairs_4, infiniplex_staircase_pool_2, lemuel_fruit_tree
Lair:4:   elwin_shoals_entry_rocks, dummy_snake_entry, basic_altar,
          minivault_27, grunt_megastairs_4, serial_bayou_shore_b
Lair:5:   gammafunk_ghost_split, grunt_megastairs_3, serial_bayou_shore_b,
          infiniplex_staircase_pool, serial_bayou_shore_b
Lair:6:   due_jungle_book, slime_dummy, gammafunk_ghost_arena
Abyss:2:  bh_abyss_exit_grid
Sewer:    sewer_sea
IceCv:    ice_cave_statue_garden_chambered

Skill      XL: |  1  2  3  4  5  6  7  8  9 10 11 12 13 |
---------------+----------------------------------------+-----
Spellcasting   | 3 4 5 6 7 8 9 10 | 10.1
Fighting       | 1 2 3 4 5 6 7 9 10 | 10.1
Summonings     | 4 5 6 7 8 9 10 | 10.0
Ice Magic      | 1 2 3 4 5 |  5.0
Air Magic      | 2 3 5 |  5.0
Hexes          | 1 3 6 8 |  8.0
Polearms       | 1 3 4 6 7 |  7.2
Dodging        | 2 4 |  4.0
Armour         | 1 3 |  3.5
Evocations     | 2 |  2.7
Stealth        | |  1.5

Action                   |  1- 3 |  4- 6 |  7- 9 | 10-12 | 13-15 || total
-------------------------+-------+-------+-------+-------+-------++-------
Melee: Short sword       |    70 |       |       |       |       ||    70
       Unarmed           |     7 |       |       |       |       ||     7
       Dagger            |    55 |   267 |   273 |       |       ||   595
       Spear             |       |       |   289 |    40 |       ||   329
       Trident           |       |       |       |   773 |   270 ||  1043
 Cast: Summon Small Mamm |     4 |       |     1 |       |       ||     5
       Call Imp          |     5 |     1 |     7 |       |       ||    13
       Call Canine Famil |       |     1 |    53 |    18 |     3 ||    75
       Summon Ice Beast  |       |       |    27 |    86 |    18 ||   131
       Summon Lightning  |       |       |    17 |    94 |    15 ||   126
       Summon Mana Viper |       |       |       |       |    13 ||    13
Evoke: Wand              |       |     3 |       |     4 |     2 ||     9
  Use: Scroll            |       |     6 |     3 |    12 |       ||    21
 Stab: Sleeping          |     8 |     8 |     1 |     4 |     1 ||    22
       Distracted        |       |     2 |     4 |    21 |     2 ||    29
Armor: Robe              |    22 |     5 |       |   124 |       ||   151
       Ring mail         |       |    84 |       |       |       ||    84
       Leather armour    |       |     1 |   126 |    78 |       ||   205
       Troll leather arm |       |       |       |    71 |    91 ||   162
Dodge: Dodged            |    95 |   152 |   320 |   446 |   155 ||  1168

Table legend:
 A = Non-vault XP
 B = Vault XP
 C = Vault XP percentage of total XP
 D = Non-vault monster count
 E = Vault monster count
 F = Vault count percentage of total count
                 A         B        C        D         E       F
            +---------+---------+-------+---------+---------+-------
      Total |   42683 |   10759 |  20.1 |     440 |     177 |  28.7
            +---------+---------+-------+---------+---------+-------
        D:1 |      23 |       2 |   8.0 |      14 |       1 |   6.7
        D:2 |      51 |      39 |  43.3 |      22 |       3 |  12.0
        D:3 |      72 |      17 |  19.1 |      11 |       3 |  21.4
        D:4 |     359 |      60 |  14.3 |      23 |      11 |  32.4
        D:5 |     426 |     260 |  37.9 |      18 |       5 |  21.7
        D:6 |    1169 |       0 |   0.0 |      45 |       0 |   0.0
        D:7 |     628 |     292 |  31.7 |      24 |       2 |   7.7
        D:8 |    1185 |      70 |   5.6 |      27 |       1 |   3.6
        D:9 |    1218 |     939 |  43.5 |      25 |      52 |  67.5
       D:10 |    1028 |    2920 |  74.0 |      13 |      22 |  62.9
       D:11 |    1633 |     641 |  28.2 |      17 |       4 |  19.0
       D:12 |    3629 |       3 |   0.1 |      21 |       1 |   4.5
       D:13 |    2011 |     793 |  28.3 |      15 |       2 |  11.8
     Lair:1 |    3752 |     518 |  12.1 |      27 |       3 |  10.0
     Lair:2 |    3014 |    1458 |  32.6 |      18 |      12 |  40.0
     Lair:3 |    4214 |     413 |   8.9 |      16 |       3 |  15.8
     Lair:4 |    6507 |     183 |   2.7 |      47 |       2 |   4.1
     Lair:5 |    3844 |     128 |   3.2 |      24 |       1 |   4.0
     Lair:6 |    7881 |       0 |   0.0 |      32 |       0 |   0.0
    Abyss:2 |      39 |       0 |   0.0 |       1 |       0 |   0.0
      Sewer |       0 |     126 | 100.0 |       0 |      38 | 100.0
      IceCv |       0 |    1897 | 100.0 |       0 |      11 | 100.0
            +---------+---------+-------+---------+---------+-------
